 Dungeon Crawl Stone Soup version 0.30-a0-371-gad7725a93e (webtiles) character file.

Game seed: 17810943881138629541

60 IdlyInterested the Chucker (level 3, -1/27 HPs)
             Began as a Demonspawn Wanderer on Nov 21, 2022.
             Slain by an adder (4 damage)
             ... on level 2 of the Dungeon.
             The game lasted 00:03:45 (1627 turns).

IdlyInterested the Chucker (Demonspawn Wanderer)    Turns: 1627, Time: 00:03:46

Health: -1/27      AC:  4    Str: 14    XL:     3   Next: 82%
Magic:  4/4        EV: 12    Int: 11    God:
Gold:   41         SH:  0    Dex: 14    Spells: 4/4 levels left

rFire   + . .      SeeInvis .    a - +2 dagger
rCold   . . .      Faith    .    (no shield)
rNeg    . . .      Spirit   .    e - +0 leather armour
rPois   .          Reflect  .    (helmet restricted)
rElec   .          Harm     .    (no cloak)
rCorr   .          Rampage  .    o - +0 pair of gloves
Will    .....                    (no boots)
Stlth   +.........               (no amulet)
HPRegen 0.24/turn                j - ring of protection from cold
MPRegen 0.09/turn                m - ring of fire

@: lethally poisoned (-1 -> -5)
A: antennae 1, powered by death 1
a: no special abilities


You were on level 2 of the Dungeon.
You visited 1 branch of the dungeon, and saw 2 of its levels.

You collected 41 gold pieces.

Inventory:

Hand Weapons
 a - a +2 dagger (weapon)
 i - a +0 short sword
Missiles
 b - 3 curare-tipped darts
 f - 26 stones (quivered)
 l - 6 poisoned darts
Armour
 e - a +0 leather armour (worn)
 n - a +0 plate armour
 o - a +0 pair of gloves (worn)
 p - a +0 robe
Jewellery
 j - a ring of protection from cold (left hand)
 m - a ring of fire (right hand)
Wands
 c - a wand of polymorph (6)
Scrolls
 h - a scroll of fog
Potions
 d - a potion of curing
 g - a potion of resistance
 k - a potion of haste


   Skills:
 * Level 2.2 Fighting
 - Level 3.0 Throwing
 - Level 1.0 Armour
 * Level 1.9 Dodging
 - Level 1.0 Stealth
 - Level 1.0 Spellcasting
 - Level 1.7 Air Magic
 - Level 2.0 Evocations


You had 4 spell levels left.
You didn't know any spells.
Your spell library contained the following spells:

 Spells                   Type           Power      Damage    Failure   Level
 Poisonous Vapours        Pois/Air       4%         N/A       38%         2
 Static Discharge         Conj/Air       4%         2-3/arc   38%         2


Dungeon Overview and Level Annotations

Branches:
Dungeon (2/15)

Altars:
Fedhas


Innate Abilities, Weirdness & Mutations

You have a pair of small antennae on your head.
You regenerate a little health from kills.


Message History

You are poisoned.
The adder poisons you!
You miss the adder.
You feel sick. The adder barely misses you.
You hit the adder. Your punch misses the adder.
The adder is moderately wounded.
You feel sick. The adder barely misses you.
You closely miss the adder. Your punch misses the adder.
The adder is moderately wounded.
You feel sick. The adder barely misses you.
You closely miss the adder.
The adder is moderately wounded.
You feel sick. The adder closely misses you.
The adder bites you but does no damage.
You hit the adder.
The adder is lightly wounded.
You feel sick. The adder bites you.
You are more poisoned.
The adder poisons you!
You hit the adder but do no damage.
The adder is lightly wounded.
You feel sick. The adder bites you.
You miss the adder.
The adder is lightly wounded.
You feel sick. The adder bites you. x2
You are more poisoned.
The adder poisons you!
You hit the adder but do no damage. You punch the adder, but do no damage.
The adder is lightly wounded.
You feel sick. The adder closely misses you.
You hit the adder.
The adder is severely wounded.
You feel sick. The adder bites you.
* * * LOW HITPOINT WARNING * * *
You miss the adder.
The adder is severely wounded.
* * * LOW HITPOINT WARNING * * *
You feel sick. The adder bites you.
* * * LOW HITPOINT WARNING * * *
The adder bites you.
You die...

#.......##.###.####.## #.#
#..#.#..##........#.####.#
#..#.#..##.#.###..#......#
#..#.#.......# #......####
#..#.#.##..#.###..###.# #
#..#.#.#...#......###.####
#..#.#.........##.....>.##
#..#.....S...######.......
#..#..#..@..#######.#.#.##
#..#...#...#..............
#.............#####...#.#.
##.##..#####.## #..##.#.
#.##..# #.# #..##.#.
#.....# #.# #..##.#.
###...# #.# #..##.#. #...#
#.# #..##.#.
#...#####.######..##.#.


You could see an adder.

Vanquished Creatures
  3 adders (D:2)
  4 ball pythons
  3 endoplasms (D:1)
  3 giant cockroaches
  3 goblins (D:1)
  A hobgoblin (D:1)
  3 quokkas
  2 bats (D:1)
  A frilled lizard (D:1)
  7 kobolds
  A rat (D:2)
31 creatures vanquished.

Notes
Turn   | Place    | Note
-------+----------+-------------------------------------------
     0 | D:1      | IdlyInterested the Demonspawn Wanderer began the quest for
                  | the Orb.
     0 | D:1      | IdlyInterested set off with the following items: a +2
                  | dagger, 3 curare-tipped darts, a wand of polymorph (6), a
                  | potion of curing, a +0 leather armour; and the following
                  | spells available to memorise: Poisonous Vapours, Static
                  | Discharge.
     0 | D:1      | Reached XP level 1. HP: 13/13 MP: 2/2
   130 | D:1      | Reached skill level 3 in Throwing
   185 | D:1      | Gained mutation: You have a pair of small antennae on your
                  | head. [demonic ancestry]
   185 | D:1      | Reached XP level 2. HP: 20/20 MP: 3/3
   303 | D:1      | Reached skill level 1 in Fighting
   436 | D:1      | Reached skill level 1 in Dodging
   938 | D:2      | Gained mutation: You regenerate a little health from kills.
                  | [demonic ancestry]
   938 | D:2      | Reached XP level 3. HP: 5/27 MP: 4/4
  1277 | D:2      | Found a faded altar of an unknown god.
  1364 | D:2      | Found a blossoming altar of Fedhas.
  1627 | D:2      | Slain by an adder

Illustrated notes

Levels and vault maps discovered:
D:1:      reono_arrival_mine, layout_loops_ring
D:2:      layout_loops_ring, basic_altar, ebering_ecumenical_altar_abandoned

Skill      XL: |  1  2  3 |
---------------+----------+-----
Throwing       | 3 |  3.0
Fighting       | 1 2 |  2.2
Dodging        | 1 |  1.9
Armour         | |  1.0
Stealth        | |  1.0
Spellcasting   | |  1.0
Air Magic      | |  1.7
Evocations     | |  2.0

Action                   || total
-------------------------++-------
Melee: Dagger            ||   124
       Punch             ||     1
Throw: Stone             ||     1
  Use: Scroll            ||     3
       Potion            ||     1
 Stab: Sleeping          ||     5
Armor: Leather armour    ||    23
Dodge: Dodged            ||    64

Table legend: (Time is in decaauts)
 A = Elapsed time spent in this place.
 B = Non-inter-level travel time spent in this place.
 C = Inter-level travel time spent in this place.
 D = Time resting spent in this place.
 E = Time spent auto-exploring this place.
 F = Levels seen in this place.
 G = Mean time per level.
                   A        B        C        D        E       F      G
               +--------+--------+--------+--------+--------+-----+--------+
         Total |   1607 |   1487 |    120 |    227 |    901 |   2 |  803.5 |
       Dungeon |   1607 |   1487 |    120 |    227 |    901 |   2 |  803.5 |
               +--------+--------+--------+--------+--------+-----+--------+

Top non-repeatable levels by time:
     D:1: 949 daAuts
     D:2: 657 daAuts
